Map: Backwater LE

Players

Kozzy - Winner!

  • Race: Protoss Protoss
  • League: Gold
  • Spawn Location: 5:00

neo

  • Race: Terran Terran
  • League: Gold
  • Spawn Location: 11:00

VOD

Have the link to the VOD?

Description

Time

  • Played on: April 4, 2018, 3:12 p.m.
  • Length: 9:27
Show
View Real Time Build Order
Export as new Build Order

Kozzy Protoss - Winner!

Build Orders:  

Get SALT Encoding   

  12  0:02  Probe  
  14  0:14  Probe  
  14  0:23  Pylon  
  14  0:27  Probe  
  15  0:41  Probe  
  15  0:42  Gateway  
  16  0:47  Assimilator  
  16  0:54  Probe (Chrono Boost)  
  17  1:04  Probe (Chrono Boost)  
  18  1:09  Probe (Chrono Boost)  
  19  1:14  Assimilator  
  19  1:36  Probe (Chrono Boost)  
  22  1:43  Cybernetics Core  
  22  1:45  Pylon  
  22  1:46  Probe (Chrono Boost)  
  21  1:47  Assimilator  
  21  1:57  Probe  
  22  2:13  Probe  
  23  2:19  Warp Gate  
  23  2:20  Stalker  
  25  2:24  Pylon  
  25  2:42  Pylon  
  25  2:47  Shield Battery  
  25  2:49  Pylon  
  25  2:55  Stalker (Chrono Boost)  
  25  2:57  Forge  
  27  3:06  Pylon  
  27  3:18  Gateway  
  27  3:25  Gateway, Protoss Ground Weapons Level 1 (Chrono Boost)  
  27  3:42  Stalker  
  29  3:51  Pylon  
  29  4:09  Gateway  
  29  4:25  Stalker  
  29  4:26  Stalker  
  29  4:27  Stalker  
  33  5:00  Stalker x3  
  39  5:14  Stalker  
  41  5:39  Stalker x3  
  41  5:40  Stalker  
  45  6:05  Stalker x4  
  53  6:53  Stalker  
  53  6:54  Stalker x3  
  61  7:07  Twilight Council  
  61  7:09  Pylon  
  61  7:17  Nexus  
  61  7:19  Pylon  
  45  8:13  Stalker x4  
  49  8:26  Photon Cannon, Shield Battery  
  49  8:31  Photon Cannon  
  49  8:34  Photon Cannon  
  49  8:42  Pylon  
  49  8:51  Stalker  
  49  8:52  Stalker  
Show
View Real Time Build Order
Export as new Build Order

neo Terran 

Build Orders:  

Get SALT Encoding   

  12  0:01  SCV  
  13  0:13  SCV  
  14  0:25  Supply Depot, SCV  
  15  0:31  Refinery  
  15  0:50  Barracks  
  15  0:57  Engineering Bay  
  15  1:03  SCV  
  16  1:15  SCV  
  17  1:24  Engineering Bay  
  17  1:48  Barracks Reactor  
  17  1:54  Command Center  
  17  2:10  SCV  
  17  2:15  Factory  
  18  2:22  Bunker, SCV  
  19  2:35  SCV  
  19  2:36  Engineering Bay  
  20  2:39  Marine  
  20  2:43  Marine  
  22  2:49  SCV  
  23  3:03  Supply Depot  
  23  3:05  Marine  
  24  3:17  Marine  
  24  3:19  Missile Turret  
  25  3:26  Supply Depot  
  25  3:32  Cyclone  
  28  3:43  Orbital Command  
  28  3:53  Marine x2  
  30  4:08  Cyclone  
  33  4:11  Marine x2  
  33  4:16  Orbital Command  
  35  4:27  SCV  
  35  4:29  Terran Infantry Weapons Level 1  
  36  4:37  Starport  
  36  4:40  Refinery  
  36  4:43  Refinery  
  36  4:45  SCV  
  37  4:48  Marine  
  37  4:49  Marine  
  39  5:05  Marine, Factory Tech Lab  
  40  5:07  Marine  
  40  5:13  Bunker  
  41  5:15  SCV  
  42  5:22  Missile Turret  
  42  5:27  SCV  
  42  5:39  SCV  
  42  5:50  Barracks Reactor  
  42  5:51  SCV  
  42  5:59  Marine  
  42  6:03  SCV  
  37  6:09  Siege Tank  
  40  6:14  Refinery  
  40  6:15  SCV  
  40  6:17  Marine  
  42  6:25  SCV  
  42  6:27  SCV  
  44  6:39  Supply Depot  
  42  6:43  Supply Depot  
  41  7:08  Command Center  
  41  7:10  Supply Depot  
  41  7:30  Terran Infantry Armor Level 1  
  41  7:31  Supply Depot  
  41  7:35  Barracks, Liberator  
  41  7:52  Cyclone  
  41  7:58  SCV  
  33  8:10  SCV  
  21  8:22  SCV  
  17  8:27  Siege Tank  
  20  8:34  SCV  
  21  8:46  SCV  
  22  8:58  SCV  
  23  9:04  Barracks  
  14  9:10  SCV  
Tags
 
League
GoldGold
Matchup
PvT
Spawn Locations
Cross Positions
Add a new tag
Caveats
  • Supply blocks, unpowered buildings, or Contaminate may cause inaccurate times.
  • Supply counts are checked every 10 seconds.